 Adventure DCSS version bcrawl-1.18.1 (webtiles) character file.

Game seed: 4219441983549335401

550 Leeroy the Carver (level 7, -6/41 HPs)
             Began as a Skeleton Reaver on Nov 10, 2019.
             Was a Believer of Vehumet.
             Killed by divine providence
             ... invoked by an orc priest
              (8 damage)
             ... on level 6 of the Dungeon.
             The game lasted 00:17:47 (6323 turns).

Leeroy the Carver (Skeleton Reaver)                 Turns: 6323, Time: 00:17:48

Health: -6/41      AC:  8    Str: 16 (18) XL:     7   Next: 7%
Magic:  0/11       EV: 12    Int: 12      God:    Vehumet [**....]
Gold:   195        SH:  6    Dex:  8 (9)  Spells: 4/12 levels left
                                        Lives:  0   Deaths: 2

rFire    . . .     SeeInvis .   a - +0 long sword
rCold    + . .     Gourm    .   m - +0 buckler
rNeg     + + +     Faith    .   b - +0 steam dragon scales
rPois    ∞         Spirit   +   v - +2 hat
rElec    .         Reflect  .   (no cloak)
rCorr    .         Harm     .   f - +0 pair of gloves
MR       +....                  (no boots)
Stlth    +.........             (no amulet)
HPRegen  0.13/turn              l - ring of flight
MPRegen  0.12/turn              (no ring)

@: no status effects
A: no food or potions, cold resistance 1, deterioration 1, negative energy
resistance 3, powered by death 1, torment resistance, unbreathing, magic shield,
sturdy frame 1, spell healing
a: Renounce Religion, Evoke Flight


You were on level 6 of the Dungeon.
You worshipped Vehumet.
Vehumet was pleased with you.
You were not hungry.

You visited 2 branches of the dungeon, and saw 7 of its levels.

You collected 403 gold pieces.
You spent 208 gold pieces at shops.

Inventory:

Hand Weapons
 a - a +0 long sword (weapon)
 o - a +2 long sword of holy wrath
 r - a +0 trident
 t - a +0 great mace
 x - a +0 war axe of electrocution
Missiles
 j - 412 sling bullets
 n - a throwing net (quivered) {!f}
Armour
 b - +0 steam dragon scales (worn)
 f - a +0 pair of gloves (worn)
 m - a +0 buckler (worn)
 q - a +1 ring mail of cold resistance
 s - a +1 leather armour of cold resistance
 v - a +2 hat (worn)
Jewellery
 l - a ring of flight (left hand)
Scrolls
 c - a scroll of immolation
 d - 3 scrolls of amnesia
 e - a scroll of teleportation
 g - 2 scrolls of magic mapping
 i - 5 scrolls of identify
 k - a scroll of remove curse
 p - a scroll of noise {unknown}
 w - a scroll of fog
Potions
 h - 2 potions of curing {unknown}


   Skills:
 - Level 3.0 Fighting
 - Level 8.4 Long Blades
 - Level 3.0 Dodging
 - Level 6.0 Shields
 - Level 3.0 Spellcasting
 + Level 4.4 Conjurations


You had 4 spell levels left.
You knew the following spells:

 Your Spells              Type           Power        Failure   Level  Hunger
a - Magic Dart            Conj           ##..         1%          1    N/A
b - Iskenderun's Battles  Conj/Chrm      #.......     54%         5    N/A
c - Flame Tongue          Conj/Fire      #....        2%          1    N/A
d - Animate Skeleton      Necr           N/A          24%         1    N/A

Your spell library contained the following spells:

 Spells                   Type           Power        Failure   Level  Hunger
 Pain                     Necr           #.....       24%         1    N/A
 Vampiric Draining        Necr           #.........   58%         3    N/A
 Animate Dead             Necr           N/A          94%         4    N/A
 Bolt of Draining         Conj/Necr      #.........   54%         5    N/A
 Regeneration             Chrm/Necr      Unusable     N/A         3    N/A

Dungeon Overview and Level Annotations

Branches:
Dungeon (6/12)             Temple (1/1) D:4

Altars:
Ashenzari
Cheibriados
Dithmenos
Elyvilon
Fedhas
Gozag
Hepliaklqana
Kikubaaqudgha
Lugonu
Makhleb
Nemelex Xobeh
Okawaru
Qazlal
Sif Muna
Trog
Uskayaw
Vehumet
Wu Jian
Xom
Yredelemnul
Zin
The Shining One

Shops:
D:6 *}

Annotations:
D:3 Purgy
D:5 exclusion: statue, Prince Ribbit
D:6 3 runed translucent doors


Innate Abilities, Weirdness & Mutations

You do not eat or drink.
You are immune to poison.
Your flesh is cold resistant. (rC+)
Your body sometimes deteriorates upon taking damage.
You are immune to negative energy. (rN+++)
You regenerate a little health from kills.
You are immune to unholy pain and torment.
You can survive without breathing.
When hurt, damage is shared between your health and your magic reserves.
Your movements are slightly less encumbered by armour. (ER -2)
Casting spells heals you.


Message History

You block the bullfrog's attack.
An orc wizard appears from thin air!
Reactivating autopickup.
You block the bullfrog's attack. The adder closely misses you.
You block the adder's attack. The bullfrog barely misses you.
The bullfrog hits you!
* * * LOW HITPOINT WARNING * * *
The adder bites you.
Unknown command.
Unknown command.
The orc wizard looks braver for a moment.
You block the bullfrog's attack.
The bullfrog hits you but does no damage.
The bullfrog closely misses you. The bullfrog closely misses you.
Found 5 gold pieces.
The orc priest invokes the aid of Beogh against you.
Beogh smites you!
You die...

..... .##. .#
#.... ..# ###.#
..# #.. ..# . ##.
.# #. # .#
..##.##### .#
.####.
.......@.####.###
......
######..F........
.#### #....S###.#
.# #.#..#.
#.###..##.# .#
##.+.h.# $.#.
##o##.####### {#
#..+... ./.#.
#..o.......# .#
#..+.. #.$h#.
####o##....#
Z###..#S Y#..#.
###.##....#
......# .....#
#..o......#


You could see an orc warrior, a bullfrog, a hound, an orc priest, an orc wizard
and an adder.

Vanquished Creatures
  Grinder (D:4)
  A sky beast (D:6)
  An ogre (D:4)
  A big kobold (D:6)
  A water moccasin skeleton (D:3)
  A jelly (D:6)
  3 bullfrog zombies
  A crimson imp (D:4)
  A bullfrog skeleton (D:4)
  An orc wizard (D:5)
  A hound skeleton (D:6)
  9 adders
  3 shadow imps (D:5)
  2 oozes
  An adder zombie (D:4)
  An adder skeleton (D:5)
  6 worms
  2 dart slugs (D:2)
  5 leopard geckos
  9 orcs
  A giant cockroach (D:3)
  A goblin (D:1)
  5 hobgoblins
  3 jackals (D:2)
  2 quokkas
  2 ball pythons (D:1)
  4 bats
  4 frilled lizards
  9 kobolds
  2 quokka skeletons
  3 rats (D:1)
87 creatures vanquished.

Vanquished Creatures (others)
  A dart slug (D:3)
  An orc (D:3)
2 creatures vanquished.

Grand Total: 89 creatures vanquished

Notes
Turn   | Place    | Note
-------+----------+-------------------------------------------
     0 | D:1      | Leeroy the Skeleton Reaver began the quest for the Orb.
     0 | D:1      | Reached XP level 1. HP: 14/14 MP: 4/4
   196 | D:1      | Reached skill level 4 in Long Blades
   335 | D:1      | Reached XP level 2. HP: 19/19 MP: 6/6
   923 | D:2      | Reached skill level 5 in Long Blades
   925 | D:2      | Reached XP level 3. HP: 18/23 MP: 7/7
   944 | D:2      | Reached * piety under Vehumet
   944 | D:2      | Offered knowledge of Magic Dart by Vehumet.
   947 | D:2      | Learned a level 1 spell: Magic Dart
  1918 | D:2      | Found a faded altar of an unknown god.
  2173 | D:3      | Reached skill level 6 in Long Blades
  2173 | D:3      | Reached XP level 4. HP: 23/28 MP: 4/8
  2434 | D:3      | Noticed Purgy
  2439 | D:4      | Reached XP level 5. HP: 28/32 MP: 5/9
  2444 | D:4      | Reached skill level 7 in Long Blades
  2481 | D:4      | Learned a level 5 spell: Iskenderun's Battlesphere
  2608 | D:4      | Found a shattered altar of Ashenzari.
  2827 | D:4      | Noticed an orc warrior
  2832 | D:4      | Found a staircase to the Ecumenical Temple.
  2840 | Temple   | Entered the Ecumenical Temple
  3095 | D:5      | Entered Level 5 of the Dungeon
  3098 | D:5      | Noticed a sky beast
  3111 | D:5      | HP: 1/32 [something (4)]
  3112 | D:6      | Noticed a sky beast
  3118 | D:6      | Found a runed translucent gate.
  3118 | D:6      | Found a runed translucent gate.
  3118 | D:6      | Found a runed translucent gate.
  3118 | D:6      | Noticed a centaur
  3119 | D:6      | Noticed a water moccasin
  3119 | D:6      | HP: 1/32 [something (1)]
  3119 | D:6      | Slain by a sky beast
  3120 | D:6      | Reached XP level 4. HP: -3/28 MP: 0/8
  3134 | D:6      | Noticed an orc warrior
  3134 | D:6      | Noticed a bullfrog
  3246 | D:5      | Reached skill level 8 in Long Blades
  3246 | D:5      | Reached XP level 5. HP: 32/32 MP: 9/9
  3270 | D:5      | Reached ** piety under Vehumet
  3270 | D:5      | Offered knowledge of Flame Tongue by Vehumet.
  3288 | D:4      | Learned a level 1 spell: Flame Tongue
  3615 | D:5      | Found a radiant altar of Vehumet.
  3615 | D:5      | Noticed a charred statue
  3718 | D:5      | Reached skill level 1 in Shields
  3813 | D:5      | Learned a level 1 spell: Animate Skeleton
  3848 | D:5      | Found a hide-covered altar of Uskayaw.
  3848 | D:5      | Found a hazy altar of Hepliaklqana.
  3848 | D:5      | Noticed Prince Ribbit
  4127 | D:4      | Noticed an ogre
  5182 | D:4      | Noticed Grinder
  5210 | D:4      | Paralysed by Grinder for 4 turns
  5219 | D:4      | Paralysed by Grinder for 3 turns
  5229 | D:4      | Killed Grinder
  5229 | D:4      | Gained mutation: You regenerate a little health from kills.
                  | [Skeleton growth]
  5229 | D:4      | Reached XP level 6. HP: 28/37 MP: 4/10
  5311 | D:4      | Reached skill level 5 in Shields
  5311 | D:4      | Reached XP level 7. HP: 41/41 MP: 11/11
  5633 | D:5      | Found a corrupted altar of Lugonu.
  5636 | D:5      | Found a snail-covered altar of Cheibriados.
  5839 | D:6      | HP: 2/41 [something (1)]
  5839 | D:6      | Slain by a sky beast
  5840 | D:6      | Reached XP level 6. HP: -3/37 MP: 0/10
  5840 | D:6      | Found Byfer's Assorted Antiques.
  5846 | D:6      | Bought a runed war axe for 208 gold pieces
  5850 | D:6      | Found Noxur's Gadget Shop.
  5904 | D:6      | Killed a sky beast
  6023 | D:6      | Reached XP level 7. HP: 10/41 MP: 4/11
  6314 | D:6      | HP: 1/41 [bullfrog (7)]
  6323 | D:6      | Killed from afar by an orc priest

Skill      XL: |  1  2  3  4  5  6  7 |
---------------+----------------------+-----
Long Blades    | 4 5 6 8 7 |  8.4
Shields        | 4 5 6 |  6.0
Conjurations   | 4 |  4.4
Fighting       | |  3.0
Dodging        | |  3.0
Spellcasting   | |  3.0

Action                   |  1- 3 |  4- 6 |  7- 9 || total
-------------------------+-------+-------+-------++-------
Melee: Long sword        |   166 |   251 |    46 ||   463
 Cast: Magic Dart        |    22 |    29 |     3 ||    54
       Animate Skeleton  |       |     1 |     1 ||     2
  Use: Scroll            |       |    11 |     2 ||    13
Armor: Steam dragon scal |    75 |    72 |    25 ||   172
Dodge: Dodged            |   112 |   122 |    49 ||   283
Block: Other             |     2 |     5 |       ||     7
       Buckler           |       |    18 |    24 ||    42
